 Dungeon Crawl Stone Soup version 0.29.1-13-g9f3cf754e1 (webtiles) character file.

Game seed: 7379478900372541598

41085 unlimited1921 the Eclecticist (level 14, 0/87 HPs)
             Began as a Djinni Fire Elementalist on Jan 27, 2023.
             Was the Champion of Jiyva.
             Hit by a silver javelin thrown by a merfolk javelineer (4 damage)
             ... on level 2 of the Shoals.
             The game lasted 02:05:24 (20524 turns).

unlimited1921 the Eclecticist (DjFE)               Turns: 20524, Time: 02:05:25

Health: 0/87       AC: 12    Str:  7    XL:     14   Next: 48%
Gold:   577        EV: 13    Int: 21    God:    Jiyva [******] SH: 12 Dex: 18

rFire   + + .      SeeInvis .   g - +2 demon trident (flame)
rCold   + . .      Faith    .   X - +0 tower shield
rNeg    + . .      Spirit   .   m - +0 troll leather armour
rPois   ∞          Reflect  .   A - +0 helmet
rElec   .          Harm     .   G - +0 cloak
rCorr   +          Rampage  .   S - +1 pair of gloves {Dex+3}
Will    ++...      Clarity  +   (boots unavailable)
Stlth   +++.......              L - amulet of regeneration
HPRegen 3.44/turn               h - ring of positive energy
MPRegen 0.00/turn               r - ring "Disonnui" {rC++ rCorr}

@: portalling projectiles, flying
A: sickness immunity, fire resistance 2, cold vulnerability 1, float, innate
caster, HP casting, extra vitality 1, clarity, strong-willed 1, passive freeze,
sense surroundings 1, gelatinous body 3
a: Renounce Religion, Oozemancy, Slimify


You were on level 2 of the Shoals.
You worshipped Jiyva.
Jiyva was exalted by your worship.
You visited 4 branches of the dungeon, and saw 17 of its levels.
You also visited: Sewer and Bailey.

You collected 1093 gold pieces.
You spent 516 gold pieces at shops.

Inventory:

Hand Weapons
 a - a +1 flail of protection
 c - a +2 vampiric bardiche
 e - a +3 dagger of venom
 g - a +2 demon trident of flaming (weapon)
 F - a +0 whip of electrocution
 J - the +7 short sword "Spiderslayer" {vorpal, rPois Will+ Dex-4}
   (You found it on level 6 of the Dungeon)

   It inflicts extra damage upon your enemies.
   Dex:       It affects your dexterity (-4).
   rPois:     It protects you from poison.
   Will:      It increases your willpower.
 O - a +1 scimitar of freezing
 P - a +5 battleaxe of freezing
 Q - a +2 short sword of holy wrath
 V - a +0 arbalest
 Y - a +6 spear of venom
Missiles
 K - 2 throwing nets
 M - 3 silver boomerangs
Armour
 m - a +0 troll leather armour (worn)
 s - the +5 leather armour "Asuczi" {Int+3 Slay-2}
   (You found it on level 1 of the Shoals)

   Int:       It affects your intelligence (+3).
   Slay:      It affects your accuracy & damage with ranged weapons and melee
   (-2).
 A - a +0 helmet (worn)
 C - the +5 scale mail of the Poles {Rampage rN++}
   (You found it on level 1 of the Lair of Beasts)

   rN:        It greatly protects you from negative energy.
   Rampage:   It bestows one free step when moving towards enemies.
 G - a +0 cloak (worn)
 I - the +1 leather armour of Henotheism {Will- Str+2 Int+3}
   (You found it on level 6 of the Dungeon)

   Str:       It affects your strength (+2).
   Int:       It affects your intelligence (+3).
   Will:      It decreases your willpower.
 R - a +3 leather armour of cold resistance
 S - a +1 pair of gloves of dexterity (worn)
 T - +0 acid dragon scales
 X - a +0 tower shield (worn)
Jewellery
 h - a ring of positive energy (left hand)
 r - the ring "Disonnui" (right hand) {rC++ rCorr}
   (You found it in a bailey)

   [ring of resist corrosion]

   rC:        It greatly protects you from cold.
   rCorr:     It protects you from acid and corrosion.
 L - an amulet of regeneration (around neck)
Wands
 y - a wand of quicksilver (8)
 z - a wand of flame (44) (quivered)
 B - a wand of roots (2)
 E - a wand of paralysis (10)
 H - a wand of digging (5)
Scrolls
 j - 6 scrolls of blinking
 l - a scroll of acquirement
 u - 2 scrolls of teleportation
 v - a scroll of vulnerability {unknown}
 w - 2 scrolls of immolation {unknown}
 x - 2 scrolls of amnesia {unknown}
 U - a scroll of summoning {unknown}
 W - a scroll of magic mapping {unknown}
Potions
 b - 2 potions of lignification {unknown}
 d - 4 potions of haste
 f - 2 potions of brilliance
 i - 2 potions of curing {unknown}
 k - 2 potions of magic {unknown}
 n - 2 potions of cancellation {unknown}
 o - 2 potions of mutation
 p - 2 potions of heal wounds
 q - 4 potions of might
 t - a potion of ambrosia {unknown}
 D - 2 potions of invisibility
 N - 2 potions of resistance


   Skills:
 + Level 3.2 Fighting
 + Level 2.6 Polearms
 + Level 5.0 Armour
 + Level 5.8 Dodging
 + Level 4.6 Stealth
 + Level 0.6 Shields
 + Level 16.9 Spellcasting
 + Level 1.5 Evocations


You had 14 spell levels left.
You knew the following spells:

 Your Spells              Type           Power      Damage    Failure   Level
a - Foxfire               Conj/Fire      100%       2x1d9     1%          1
b - Scorch                Fire           100%       2d10      1%          2
c - Conjure Flame         Conj/Fire      73%        6-21      1%          3
d - Inner Flame           Hex/Fire       73%        N/A       1%          3
e - Flame Wave            Conj/Fire      73%        2d16      1%          4
f - Sting                 Tmut/Pois      100%       1d8       1%          1
g - Poisonous Vapours     Pois/Air       100%       N/A       1%          2
h - Portal Projectile     Hex/Tloc       100%       N/A       1%          3
i - Ozocubu's Armour      Ice            73%        N/A       1%          3
j - Alistair's Intoxicat  Tmut/Pois      48%        N/A       1%          5
k - Summon Mana Viper     Hex/Summ       73%        N/A       1%          5
Your spell library was empty.

Dungeon Overview and Level Annotations

Branches:
Dungeon (12/15)            Temple (1/1) D:5            Lair (2/5) D:9
 Shoals (2/4) Lair:2          Orc (0/2) D:12          Sewer (visited)
 Bailey (visited)
  Snake: Lair:2-3    Spider: Lair:2-3

Altars:
Ashenzari
Cheibriados
Dithmenos
Elyvilon
Fedhas
Gozag
Hepliaklqana
Makhleb
Nemelex Xobeh
Okawaru
Qazlal
Ru
Trog
Uskayaw
Wu Jian
Xom
Yredelemnul
Zin
The Shining One

Shops:
D:1 =   D:2 *   Shoals:1 *

Annotations:
Shoals:2 Frances


Innate Abilities, Weirdness & Mutations

You are immune to sickness and miasma.
You are immune to poison.
Your flesh is very heat resistant. (rF++)
You are vulnerable to cold. (rC-)
You float through the air rather than walking.
You learn spells naturally, not from books.
Your magical power is your life essence.
You have superior vitality. (+4 MHP)
You possess an exceptional clarity of mind.
You are strong-willed. (Will+)
A frigid envelope surrounds you and freezes all who hurt you.
You passively map a small area around you.
Your gelatinous body deflects attacks. (AC +3, EV +3)


Message History

Flame seeps out of the sea snake.
Your mana viper barely misses the sea snake.
The merfolk javelineer hits your mana viper with a +5 spear of venom!
Your mana viper barely misses the sea snake.
The sea snake is engulfed in blazing flames.
Flame seeps out of the sea snake.
There is an open door here.
Casting: Inner Flame (safe; 1% risk of failure)
Confirm with . or Enter, or press ? or * to list all spells.
Casting: Flame Wave (mildly dangerous; 1% risk of failure)
Press: ? - help, Dir - look around, f - activate A wave of flame ripples out!
The flame wave engulfs the sea snake!!
The sea snake is heavily wounded.
The flame wave engulfs the sea snake!! (Press . to intensify the flame waves.)
The sea snake explodes!
The fiery explosion engulfs you! You resist.
The fiery explosion engulfs your mana viper!!
You kill your mana viper!
Your mana viper disappears in a puff of smoke!
The fiery explosion engulfs the sea snake!!!
You kill the sea snake!
You hear an angry hiss.
You hear a shout!
The merfolk javelineer throws a silver javelin.
The silver javelin pierces through you!!
* * * LOW HITPOINT WARNING * * *
The silver sears you!
* * * LOW HITPOINT WARNING * * *
Your Armour skill increases to level 5!
You feel much better.
The merfolk javelineer throws a silver javelin.
The silver javelin pierces through you!
* * * LOW HITPOINT WARNING * * *
The silver sears you!
* * * LOW HITPOINT WARNING * * *
The merfolk javelineer throws a silver javelin.
The silver javelin pierces through you!
* * * LOW HITPOINT WARNING * * *
The silver sears you!
You die...

~~≈~P~~~~PP~~....~~~~~~~~~~~≈≈≈≈≈
~~≈~~~~~~P.P.....~.~..~~~~PP~P~~P
~~P~~P~~.>.~.###.......P.PPPP~~~~
~P~~~~~~.P...# ##.........PPP~.P~
~~~~~~~P~P...# ###.######~~...P~
~~PP~~~~PP~~######.♣# (#P..##P~
~.~~~PPPPP~~#!...#♣.# ..#.~~ #.~
~~~PP~~P~~~~#....#§§# ...# ~
P~≈≈~~~~P~..#...@#§§#....#
P~≈≈≈≈≈≈~~~.#....'§.m#### ~ ~
P~≈≈≈≈≈≈~~~~######......♣
~≈≈≈≈~~~~~~~....(......♣.~~ ~
~≈≈≈≈~~~~~~~.......#+### ~~ ~ ~
≈~~~~~~~.......# , *~
~≈~~.~~~~.♣.8.♣.#, , ~
~~....~~.......# ,,
.......~...♣...#


You could see a merfolk javelineer.

Vanquished Creatures
  A merfolk javelineer (Shoals:2)
  The ghost of Tang the Fencer, a journeyman MfGl of Qazlal (Lair:1)
  2 boulder beetles
  4 hydras
  A two-headed ogre (D:10)
  An alligator snapping turtle (Shoals:2)
  A death yak (Lair:2)
  Lodul (D:10)
  5 sea snakes
  Pikel (D:4)
  5 harpies (Shoals:1)
  3 manticores
  3 ugly things
  3 black mambas
  A torpor snail (Lair:2)
  An orange demon (Lair:1)
  3 rime drakes
  4 cane toads
  2 komodo dragons (Lair:2)
  An entropy weaver simulacrum (Lair:1)
  An ice devil (D:11)
  A wind drake (Shoals:1)
  6 merfolk
  4 trolls
  2 polar bears (Lair:2)
  12 blink frogs (Lair:1)
  A hornet (D:9)
  3 dream sheep (Shoals:1)
  A snapping turtle (Shoals:1)
  A wraith (D:12)
  A vampire (Bailey)
  11 yaks
  Sigmund (D:5)
  2 wyverns
  2 hogs (Shoals:1)
  2 shadows
  A ynoxinul (D:11)
  A water elemental (Shoals:1)
  A neqoxec (D:11)
  2 fire bats (Lair:2)
  3 steam dragons (D:8)
  A chaos spawn (D:11)
  A fire elemental (Lair:2)
  Menkaure (D:4)
  4 wargs
  A death yak simulacrum (Lair:1)
  Edmund (D:5)
  4 water moccasins
  An acid dragon (D:12)
  An ice beast (D:6)
  3 orc warriors
  A black bear (D:6)
  6 ogres
  2 wolves (Lair:1)
  4 centaurs
  3 kobold brigands
  2 phantoms
  Blork the orc (D:4)
  4 bullfrogs
  A two-headed ogre simulacrum (Lair:1)
  A scorpion (D:6)
  5 wights (D:9)
  4 killer bees (D:8)
  7 vampire bats (Bailey)
  2 howler monkeys
  6 wolf zombies (Bailey)
  A lava snake (D:8)
  A quasit (D:11)
  6 hounds
  6 jellies
  6 orc priests
  2 iguanas
  14 orc wizards
  A spriggan simulacrum (Lair:1)
  2 polar bear simulacra (Lair:1)
  Robin (D:4)
  3 gnolls (D:6)
  A naga simulacrum (Lair:1)
  12 adders
  3 river rats
  2 shadow imps
  A white imp (Lair:1)
  2 ufetubi
  3 worms (D:3)
  40 orcs
  18 ball pythons
  9 endoplasms
  7 giant cockroaches
  11 goblins
  6 hobgoblins
  6 quokkas
  3 bats
  15 frilled lizards
  12 kobolds
  20 orc zombies (Bailey)
  5 rats
389 creatures vanquished.

Vanquished Creatures (collateral kills)
  Kirke (Shoals:1)
  Louise (Shoals:1)
  A death yak (Lair:1)
  Amaemon (Lair:1)
  A manticore (Shoals:1)
  A cyclops (Shoals:1)
  A cane toad (Lair:1)
  2 gargoyles
  An ice devil (Lair:1)
  2 merfolk (Shoals:1)
  A blink frog (Lair:1)
  A snapping turtle (Shoals:2)
  A dream sheep (Shoals:1)
  A basilisk (Lair:2)
  2 hogs (Shoals:1)
  A centaur (Lair:2)
  2 ogres (D:10)
  9 foxfires
30 creatures vanquished.

Vanquished Creatures (others)
  A wraith (D:9)
  A centaur (D:9)
  A bullfrog (Lair:1)
  A howler monkey (D:11)
  36 jellies
  3 orc priests
  An iguana (D:4)
  An orc wizard (D:7)
  2 adders
  14 orcs
  2 bats (D:3)
  3 endoplasms
  2 giant cockroaches (D:3)
  2 goblins
  2 hobgoblins (D:3)
  2 kobolds
  2 quokkas (D:4)
  2 ball pythons (D:3)
  A rat (D:3)
  5 demonic plants (D:11)
  1141 foxfires
  20 fungi
  73 plants
1318 creatures vanquished.

Grand Total: 1737 creatures vanquished

Notes
Turn   | Place    | Note
-------+----------+-------------------------------------------
     0 | D:1      | unlimited1921 the Djinni Fire Elementalist began the quest
                  | for the Orb.
     0 | D:1      | unlimited1921 set off with the following spells memorised:
                  | Foxfire, Scorch, Conjure Flame, Inner Flame, Flame Wave.
     0 | D:1      | Reached XP level 1. HP: 15/15 MP: 0/0
   230 | D:1      | Found Lishruhy's Jewellery Boutique.
   476 | D:1      | Reached XP level 2. HP: 15/21 MP: 0/0
  1982 | D:1      | Reached skill level 3 in Spellcasting
  2002 | D:1      | Reached XP level 3. HP: 17/25 MP: 0/0
  2002 | D:1      | Learned a level 1 spell: Sting
  3280 | D:2      | Found Zadu's General Store.
  3313 | D:2      | Bought a scroll of identify for 24 gold pieces
  4065 | D:2      | Reached XP level 4. HP: 23/31 MP: 0/0
  4891 | D:3      | Reached skill level 4 in Spellcasting
  4891 | D:3      | Reached XP level 5. HP: 33/35 MP: 0/0
  4891 | D:3      | Learned a level 2 spell: Poisonous Vapours
  4995 | D:3      | Found a glowing drain.
  5133 | Sewer    | Entered a sewer
  5970 | Sewer    | Reached XP level 6. HP: 37/40 MP: 0/0
  6173 | Sewer    | Found a viscous altar of Jiyva.
  6288 | Sewer    | Became a worshipper of Jiyva Jiqad the Shapeless
  6450 | D:3      | Reached skill level 1 in Polearms
  6912 | D:3      | Found a faded altar of an unknown god.
  7549 | D:3      | Reached * piety under Jiyva
  7651 | D:3      | Noticed a water moccasin
  7655 | D:3      | Killed a water moccasin
  7656 | D:3      | Reached skill level 5 in Spellcasting
  7656 | D:3      | Reached XP level 7. HP: 42/46 MP: 0/0
  7656 | D:3      | Learned a level 3 spell: Portal Projectile
  8149 | D:4      | Noticed Blork the orc
  8255 | D:4      | Found a stormy altar of Qazlal.
  8312 | D:4      | Reached ** piety under Jiyva
  8345 | D:4      | Killed Blork the orc
  8507 | D:4      | Noticed Menkaure
  8510 | D:4      | Killed Menkaure
  8511 | D:4      | Reached skill level 1 in Fighting
  8541 | D:4      | Noticed Pikel
  8547 | D:4      | Killed Pikel
  8548 | D:4      | Reached skill level 6 in Spellcasting
  8548 | D:4      | Reached XP level 8. HP: 50/52 MP: 0/0
  8610 | D:4      | Reached skill level 7 in Spellcasting
  8898 | D:4      | Noticed Robin
  8909 | D:4      | Killed Robin
  9055 | D:5      | Entered Level 5 of the Dungeon
  9118 | D:5      | Noticed Sigmund
  9120 | D:5      | Killed Sigmund
  9121 | D:5      | Reached XP level 9. HP: 53/57 MP: 0/0
  9121 | D:5      | Learned a level 3 spell: Ozocubu's Armour
  9178 | D:5      | Reached skill level 8 in Spellcasting
  9301 | D:5      | Noticed Edmund
  9310 | D:5      | Killed Edmund
  9422 | D:5      | Found a staircase to the Ecumenical Temple.
  9438 | D:5      | Reached skill level 1 in Armour
  9451 | Temple   | Entered the Ecumenical Temple
  9511 | D:5      | Reached *** piety under Jiyva
  9579 | D:5      | Gained mutation: Armour fits poorly on your pseudopods.
                  | [Jiyva's grace]
  9579 | D:5      | Gained mutation: Armour fits poorly on your large
                  | pseudopods. [Jiyva's grace]
  9579 | D:5      | Gained mutation: Armour fits poorly on your massive
                  | pseudopods. [Jiyva's grace]
  9579 | D:5      | Gained mutation: You expend health (3 HP) to strengthen
                  | your wands. [Jiyva's grace]
 10041 | D:6      | Identified the +1 leather armour of Henotheism {Will- Str+2
                  | Int+3}
 10116 | D:6      | Reached **** piety under Jiyva
 10185 | D:6      | Identified the +7 short sword "Spiderslayer" {vorpal, rPois
                  | Will+ Dex-4}
 10861 | D:7      | Reached ***** piety under Jiyva
 11036 | D:8      | Lost mutation: Armour fits poorly on your massive
                  | pseudopods. [Jiyva's grace]
 11036 | D:8      | Gained mutation: You are strong-willed. (Will+) [Jiyva's
                  | grace]
 11036 | D:8      | Gained mutation: You are highly strong-willed. (Will++)
                  | [Jiyva's grace]
 11036 | D:8      | Gained mutation: You are extremely strong-willed. (Will+++)
                  | [Jiyva's grace]
 11036 | D:8      | Gained mutation: You have very sharp teeth. [Jiyva's grace]
 11046 | D:7      | Reached skill level 9 in Spellcasting
 11175 | D:8      | Reached XP level 10. HP: 60/63 MP: 0/0
 11444 | D:8      | Reached skill level 10 in Spellcasting
 11498 | D:8      | Found a broken altar of Ashenzari.
 11529 | D:8      | Found a sacrificial altar of Ru.
 12363 | D:9      | Reached skill level 11 in Spellcasting
 12363 | D:9      | Reached XP level 11. HP: 68/68 MP: 0/0
 12363 | D:9      | Learned a level 5 spell: Alistair's Intoxication
 12550 | D:9      | Reached ****** piety under Jiyva
 12621 | D:9      | Lost mutation: You are extremely strong-willed. (Will+++)
                  | [Jiyva's grace]
 12621 | D:9      | Lost mutation: You expend health (3 HP) to strengthen your
                  | wands. [Jiyva's grace]
 12621 | D:9      | Gained mutation: You passively map a small area around you.
                  | [Jiyva's grace]
 12621 | D:9      | Gained mutation: You passively map the area around you.
                  | [Jiyva's grace]
 12621 | D:9      | Gained mutation: You passively map a large area around you.
                  | [Jiyva's grace]
 12621 | D:9      | Gained mutation: Your translucent skin slightly reduces
                  | your foes' accuracy. (Stealth+) [Jiyva's grace]
 12652 | D:9      | Found a flagged portal.
 12663 | Bailey   | Entered a bailey
 13362 | Bailey   | Identified the +0 plate armour "Negyel" {Fly rN+ Str-4}
 13373 | Bailey   | Identified the ring "Disonnui" {rC++ rCorr}
 13634 | D:9      | Found a staircase to the Lair.
 14117 | D:10     | Entered Level 10 of the Dungeon
 14310 | D:10     | Noticed Lodul
 14321 | D:10     | Killed Lodul
 14685 | D:10     | Noticed a two-headed ogre
 14694 | D:10     | Killed a two-headed ogre
 14695 | D:10     | Reached skill level 12 in Spellcasting
 15077 | D:11     | Noticed a boulder beetle
 15091 | D:11     | Noticed a green ugly thing
 15091 | D:11     | Killed a boulder beetle
 15101 | D:11     | Killed a green ugly thing
 15133 | D:11     | Noticed an eight-headed hydra
 15141 | D:11     | Killed an eight-headed hydra
 15142 | D:11     | Reached XP level 12. HP: 40/74 MP: 0/0
 15341 | D:11     | Identified a scroll of acquirement
 15373 | D:11     | Lost mutation: You have very sharp teeth. [Jiyva's grace]
 15373 | D:11     | Lost mutation: You are highly strong-willed. (Will++)
                  | [Jiyva's grace]
 15373 | D:11     | Lost mutation: You passively map a large area around you.
                  | [Jiyva's grace]
 15373 | D:11     | Gained mutation: You have a pair of small antennae on your
                  | head. [Jiyva's grace]
 15373 | D:11     | Gained mutation: You have a pair of antennae on your head.
                  | [Jiyva's grace]
 15373 | D:11     | Gained mutation: You have a pair of large antennae on your
                  | head. (SInv) [Jiyva's grace]
 15373 | D:11     | Gained mutation: You have acidic saliva. [Jiyva's grace]
 15490 | D:11     | Reached skill level 13 in Spellcasting
 15651 | D:11     | Was placed under penance by Jiyva
 15870 | D:12     | Found a staircase to the Orcish Mines.
 15956 | D:12     | Noticed a four-headed hydra
 15973 | D:12     | Killed a four-headed hydra
 15979 | D:12     | Noticed an eight-headed hydra
 15989 | D:12     | Killed an eight-headed hydra
 16018 | D:11     | Lost mutation: Armour fits poorly on your large pseudopods.
                  | [the all-consuming vengeance of Jiyva]
 16089 | D:12     | Found a frozen archway.
 16224 | D:12     | Noticed a boulder beetle
 16229 | D:12     | Killed a boulder beetle
 16256 | D:12     | Was forgiven by Jiyva
 16480 | D:12     | Noticed a six-headed hydra
 16493 | D:12     | Killed a six-headed hydra
 16494 | D:12     | Reached skill level 14 in Spellcasting
 16782 | D:9      | Lost mutation: You have a pair of large antennae on your
                  | head. (SInv) [potion of mutation]
 16782 | D:9      | Lost mutation: You have a pair of antennae on your head.
                  | [potion of mutation]
 16782 | D:9      | Lost mutation: You have a pair of small antennae on your
                  | head. [potion of mutation]
 16782 | D:9      | Lost mutation: You passively map the area around you.
                  | [potion of mutation]
 16782 | D:9      | Gained mutation: A frigid envelope surrounds you and
                  | freezes all who hurt you. [potion of mutation]
 16805 | Lair:1   | Entered Level 1 of the Lair of Beasts
 16847 | Lair:1   | Noticed Tang's ghost (journeyman MfGl)
 16958 | Lair:1   | Reached XP level 13. HP: 80/80 MP: 0/0
 16958 | Lair:1   | Learned a level 5 spell: Summon Mana Viper
 17150 | Lair:1   | Found a runed translucent door.
 17327 | Lair:1   | Reached skill level 15 in Spellcasting
 17380 | Lair:1   | Identified the +5 scale mail of the Poles {Rampage rN++}
 17678 | Lair:1   | Noticed Amaemon
 17684 | Lair:1   | Killed Amaemon
 17685 | Lair:1   | Reached skill level 5 in Dodging
 18048 | Lair:1   | Killed Tang's ghost
 18271 | Lair:2   | Was placed under penance by Jiyva
 18405 | Lair:2   | Found a staircase to the Shoals.
 18427 | Lair:2   | Gained mutation: Your spells are a little easier to cast,
                  | but a little less powerful. [the all-consuming vengeance of
                  | Jiyva]
 18727 | Lair:2   | Was forgiven by Jiyva
 19159 | Shoals:1 | Entered Level 1 of the Shoals
 19159 | Shoals:1 | Lost mutation: You have acidic saliva. [Jiyva's grace]
 19159 | Shoals:1 | Lost mutation: Armour fits poorly on your pseudopods.
                  | [Jiyva's grace]
 19159 | Shoals:1 | Lost mutation: Your translucent skin slightly reduces your
                  | foes' accuracy. (Stealth+) [Jiyva's grace]
 19159 | Shoals:1 | Lost mutation: Your spells are a little easier to cast, but
                  | a little less powerful. [Jiyva's grace]
 19159 | Shoals:1 | Gained mutation: Your rubbery body absorbs attacks. (AC +1,
                  | EV +1) [Jiyva's grace]
 19159 | Shoals:1 | Gained mutation: Your pliable body absorbs attacks. (AC +2,
                  | EV +2) [Jiyva's grace]
 19159 | Shoals:1 | Gained mutation: Your gelatinous body deflects attacks. (AC
                  | +3, EV +3) [Jiyva's grace]
 19159 | Shoals:1 | Gained mutation: You possess an exceptional clarity of
                  | mind. [Jiyva's grace]
 19164 | Shoals:1 | Noticed Kirke
 19178 | Shoals:1 | Killed Kirke
 19179 | Shoals:1 | Reached skill level 16 in Spellcasting
 19231 | Shoals:1 | Was placed under penance by Jiyva
 19260 | Shoals:1 | Identified the +5 leather armour "Asuczi" {Int+3 Slay-2}
 19263 | Shoals:1 | Found Essisk's Island Escapes.
 19271 | Shoals:1 | Bought a scroll of blinking for 97 gold pieces
 19271 | Shoals:1 | Bought a potion of invisibility for 104 gold pieces
 19271 | Shoals:1 | Bought a scroll of blinking for 97 gold pieces
 19271 | Shoals:1 | Bought a scroll of blinking for 97 gold pieces
 19271 | Shoals:1 | Bought a scroll of blinking for 97 gold pieces
 19416 | Shoals:1 | Noticed Louise
 19447 | Shoals:1 | Killed Louise
 19448 | Shoals:1 | Reached XP level 14. HP: 87/87 MP: 0/0
 19859 | Shoals:1 | Reached skill level 1 in Evocations
 20312 | Shoals:2 | Was forgiven by Jiyva
 20511 | Shoals:2 | Noticed Frances
 20523 | Shoals:2 | Reached skill level 5 in Armour
 20524 | Shoals:2 | HP: 4/87 [merfolk javelineer/silver javelin (14)]
 20524 | Shoals:2 | Hit by a silver javelin thrown by a merfolk javelineer

Illustrated notes

Levels and vault maps discovered:
D:1:      dpeg_arrival_solitude, layout_basic, serial_shops, shop,
          chequers_serial_rivers_room_a, minmay_lizard_pond
D:2:      layout_basic, serial_shops, nicolae_shop_hallway_plus,
          minmay_snake_closets
D:3:      minmay_recursive_quarters, layout_loops_corners,
          shapermc_ecumenical_altar_mp_highgroup, portal_sewer_entry_e
D:4:      layout_basic, kennysheep_mini, uniq_blork_the_orc, uniq_menkaure,
          uniq_robin, uniq_pikel
D:5:      layout_rooms, minmay_temple_entry_junction, uniq_sigmund, uniq_edmund
D:6:      layout_basic, minmay_misc_feat_chi, minmay_misc_feat_tiny
D:7:      layout_basic, chequers_hall_statues_corner_a
D:8:      cheibrodos_steamvent, layout_basic, mainiacjoe_overflow_catch_the_wave
D:9:      layout_layer_cave, erik_lair_orcish_takeover, enter_bailey_2
D:10:     layout_roguey, uniq_lodul
D:11:     layout_rooms, serial_demonic, serial_demonic_g, serial_demonic_f,
          serial_demonic_a, serial_demonic_g
D:12:     layout_long_grid, david_orc_3, portal_ice_cave_rime
Temple:   hellmonk_temple_of_storms
Lair:1:   dreamdust_isle_of_ice, layout_loops_ring,
          hellmonk_ghost_happy_afterlife, serial_bayou_shore_b,
          grunt_megastairs_4, uniq_amaemon
Lair:2:   layout_gridlike, minmay_shoals_entry_centaurs
Shoals:1: layout_shoals, nicolae_island_escapes, uniq_louise, uniq_kirke
Shoals:2: cheibrodos_shoals_epimethial_gifts, layout_shoals,
          nicolae_shop_firing_range, uniq_frances

Skill      XL: |  1  2  3  4  5  6  7  8  9 10 11 12 13 14 |
---------------+-------------------------------------------+-----
Spellcasting   | 3 4 5 6 7 9 11 12 14 16 | 16.9
Stealth        | 2 3 4 |  4.6
Polearms       | 1 2 |  2.6
Fighting       | 1 2 3 |  3.2
Armour         | 2 3 4 5 |  5.0
Dodging        | 3 4 5 |  5.8
Evocations     | 1 |  1.5
Shields        | |  0.6

Action                   |  1- 3 |  4- 6 |  7- 9 | 10-12 | 13-15 || total
-------------------------+-------+-------+-------+-------+-------++-------
Melee: Demon trident     |    10 |     9 |    23 |     7 |     2 ||    51
       Dagger            |     6 |       |       |       |       ||     6
       Pseudopods        |       |       |     1 |       |       ||     1
       Bite              |       |       |       |       |     1 ||     1
 Cast: Foxfire           |    75 |   117 |    96 |   237 |   167 ||   692
       Scorch            |     3 |     5 |    22 |    36 |    52 ||   118
       Poisonous Vapours |       |    12 |    40 |    76 |    70 ||   198
       Inner Flame       |       |     5 |    20 |    67 |    30 ||   122
       Flame Wave        |       |       |     3 |    11 |    11 ||    25
       Portal Projectile |       |       |     2 |       |     4 ||     6
       Alistair's Intoxi |       |       |       |     3 |     5 ||     8
       Sting             |       |       |       |     3 |     2 ||     5
       Ozocubu's Armour  |       |       |       |     1 |     1 ||     2
       Summon Mana Viper |       |       |       |       |    26 ||    26
       Conjure Flame     |       |       |       |       |     3 ||     3
Evoke: Wand              |       |       |       |       |     7 ||     7
  Use: Scroll            |     1 |       |       |     4 |     2 ||     7
       Potion            |       |       |       |     5 |     3 ||     8
 Stab: Sleeping          |       |     2 |       |       |       ||     2
Armor: Robe              |     8 |     2 |     1 |       |       ||    11
       Leather armour    |       |       |    12 |    14 |       ||    26
       Troll leather arm |       |       |       |     4 |    28 ||    32
Dodge: Dodged            |    19 |    14 |    39 |    59 |    70 ||   201
Block: Tower shield      |       |       |       |       |    14 ||    14
